 Dungeon Crawl Stone Soup version 0.26-a0-812-g31a745ddcd (webtiles) character file.

Game seed: 5264782162848364389

20 reriks the Chucker (level 2, -2/31 HPs)
             Began as an Ogre Hunter on Nov 13, 2020.
             Slain by an adder (4 damage)
             ... on level 1 of the Dungeon.
             The game lasted 00:03:53 (1163 turns).

reriks the Chucker (Ogre Hunter)                    Turns: 1163, Time: 00:03:54

Health: -2/31      AC:  5    Str: 15    XL:     2   Next: 79%
Magic:  2/2        EV: 10    Int: 12    God:
Gold:   65         SH:  0    Dex:  9    Spells: 1/1 levels left

rFire    . . .     SeeInvis .   a - +0 short sword
rCold    . . .     Faith    .   (no shield)
rNeg     . . .     Spirit   .   b - +0 robe
rPois    .         Reflect  .   (helmet restricted)
rElec    .         Harm     .   e - +1 cloak
rCorr    .         Rampage  .   (gloves unavailable)
MR       .....                  (boots unavailable)
Stlth    +.........             n - amulet of regeneration
HPRegen  0.10/turn              (no ring)
MPRegen  0.08/turn              (no ring)

@: lethally poisoned (-2 -> -7)
A: large, unfitting armour, tough skin 1
a: no special abilities


You were on level 1 of the Dungeon.
You visited 1 branch of the dungeon, and saw 2 of its levels.

You collected 65 gold pieces.

Inventory:

Hand Weapons
 a - a +0 short sword (weapon)
Missiles
 c - a large rock (quivered)
 d - 2 throwing nets
 j - 21 stones
 l - 5 boomerangs
Armour
 b - a +0 robe (worn)
 e - a +1 cloak (worn)
Jewellery
 n - an amulet of regeneration (around neck)
Scrolls
 f - a scroll of immolation {unknown}
 h - a scroll of amnesia {unknown}
 i - a scroll of identify
 m - a scroll of remove curse
Potions
 g - 3 potions of degeneration {unknown}
 k - a potion of heal wounds {unknown}


   Skills:
 + Level 3.1 Fighting
 + Level 4.1 Throwing
 * Level 1.0 Armour
 + Level 2.0 Dodging
 - Level 0.6 Stealth


You had one spell level left.
You didn't know any spells.
Your spell library was empty.

Dungeon Overview and Level Annotations

Branches:
Dungeon (2/15)

Altars:


Innate Abilities, Weirdness & Mutations

You are too large for most types of armour.
You have tough skin. (AC +1)


Message History

You throw a large rock. The large rock barely misses the adder.
You feel sick. The adder bites you.
* * * LOW HITPOINT WARNING * * *
The adder closely misses you.
Throwing (i - inventory. (/) - cycle)
c - 3 large rocks (quivered)
Press: ? - help, Shift-Dir - straight line, f/p - adder
Aim: an adder (severely wounded)
You throw a large rock. The large rock barely misses the adder.
You feel sick. The adder bites you.
* * * LOW HITPOINT WARNING * * *
The adder closely misses you.
Throwing (i - inventory. (/) - cycle)
c - 2 large rocks (quivered)
Press: ? - help, Shift-Dir - straight line, f/p - adder
Aim: an adder (severely wounded)
You throw a large rock. The large rock misses the adder.
* * * LOW HITPOINT WARNING * * *
You feel sick. The adder bites you.
* * * LOW HITPOINT WARNING * * *
The adder bites you.
You die...

###.........###...#..>#
..........#.....#.#.#.#
.....####.....#.#...#(#
.....# #.###.#.#####.#
.....# #.###.....# #.#
.....# #.#.....#.#
#.### .....#
#.##.##...# #...#
.....#
#....##.#######.#
######
#######.@S(..(#.#
######..#.# #.##.#
#.##.# #....# ######


You could see an adder.

Vanquished Creatures
  A leopard gecko (D:1)
  3 bats (D:1)
  A goblin (D:1)
  4 hobgoblins
  A jackal (D:1)
  5 frilled lizards (D:1)
  2 kobolds (D:1)
  A rat (D:1)
18 creatures vanquished.

Notes
Turn   | Place    | Note
-------+----------+-------------------------------------------
     0 | D:1      | reriks the Ogre Hunter began the quest for the Orb.
     0 | D:1      | Reached XP level 1. HP: 22/22 MP: 1/1
   173 | D:1      | Reached XP level 2. HP: 24/29 MP: 2/2
   709 | D:1      | Reached skill level 1 in Armour
  1163 | D:1      | Slain by an adder

Illustrated notes

Levels and vault maps discovered:
D:1:      lordsloth_arrival_two_stooges, layout_basic
D:2:      layout_loops_ring, zin_statuary, chequers_ecumenical_altar_twisty

Skill      XL: |  1  2 |
---------------+-------+-----
Fighting       | 3 |  3.1
Dodging        | 2 |  2.0
Armour         | 1 |  1.0
Throwing       | |  4.1
Stealth        | |  0.6

Action                   || total
-------------------------++-------
Melee: Short sword       ||    14
Throw: Stone             ||   112
       Large rock        ||     5
  Use: Scroll            ||     2
Armor: Robe              ||    45
Dodge: Dodged            ||    40

Table legend: (Time is in decaauts)
 A = Elapsed time spent in this place.
 B = Non-inter-level travel time spent in this place.
 C = Inter-level travel time spent in this place.
 D = Time resting spent in this place.
 E = Time spent auto-exploring this place.
 F = Levels seen in this place.
 G = Mean time per level.
                   A        B        C        D        E       F      G
               +--------+--------+--------+--------+--------+-----+--------+
         Total |   1156 |   1056 |    100 |    299 |    539 |   2 |  578.0 |
       Dungeon |   1156 |   1056 |    100 |    299 |    539 |   2 |  578.0 |
               +--------+--------+--------+--------+--------+-----+--------+

Top non-repeatable levels by time:
     D:1: 1139 daAuts
     D:2: 17 daAuts
